 Dungeon Crawl Stone Soup version 0.29-a0-334-gb41bcbb86e (webtiles) character file.

Game seed: 1827829289475446279

192 rageheart7 the Slasher (level 5, 0/43 HPs)
             Began as a Merfolk Gladiator on Apr 14, 2022.
             Slain by Pikel
             ... wielding a +1 whip of freezing
              (2 damage)
             ... on level 3 of the Dungeon.
             The game lasted 00:03:43 (3844 turns).

rageheart7 the Slasher (Merfolk Gladiator)          Turns: 3844, Time: 00:03:44

Health: 0/43       AC:  5    Str: 14    XL:     5   Next: 71%
Magic:  5/5        EV: 13    Int:  8    God:
Gold:   120        SH:  0    Dex: 17    Spells: 4/4 levels left

rFire   . . .      SeeInvis .   h - +2 dagger (venom)
rCold   . . .      Faith    .   (no shield)
rNeg    . . .      Spirit   .   b - +0 leather armour
rPois   .          Reflect  .   c - +0 helmet
rElec   .          Harm     .   (no cloak)
rCorr   .          Rampage  .   l - +0 pair of gloves
Will    .....                   (no boots)
Stlth   +.........              (no amulet)
HPRegen 0.14/turn               (no ring)
MPRegen 0.09/turn               (no ring)

@: no status effects
A: (nimble swimmer 2), mertail
a: no special abilities


You were on level 3 of the Dungeon.
You visited 1 branch of the dungeon, and saw 4 of its levels.

You collected 120 gold pieces.

Inventory:

Hand Weapons
 a - a +0 long sword
 g - a +0 dagger of electrocution
 h - a +2 dagger of venom (weapon)
Missiles
 d - 3 throwing nets (quivered)
 e - 6 javelins
Armour
 b - a +0 leather armour (worn)
 c - a +0 helmet (worn)
 l - a +0 pair of gloves (worn)
Scrolls
 f - 2 scrolls of enchant weapon
Potions
 i - 2 potions of magic
 j - a potion of resistance
 k - 2 potions of curing
 n - 2 potions of flight
 o - a potion of might {unknown}
 r - a potion of lignification {unknown}


   Skills:
 * Level 4.7 Fighting
 * Level 5.9 Long Blades
 - Level 2.0 Throwing
 - Level 4.0 Dodging


You had 4 spell levels left.
You didn't know any spells.
Your spell library contained the following spells:

 Spells                   Type           Power      Damage    Failure   Level
 Beastly Appendage        Tmut           0%         N/A       50%         1
 Summon Small Mammal      Summ           0%         N/A       50%         1
 Wereblood                Tmut           0%         N/A       63%         2
 Call Canine Familiar     Summ           0%         N/A       86%         3
 Spider Form              Tmut/Pois      0%         N/A       86%         3
 Summon Guardian Golem    Hex/Summ       0%         N/A       86%         3


Dungeon Overview and Level Annotations

Branches:
Dungeon (4/15)
 Temple: D:4-7

Altars:
Hepliaklqana

Shops:
D:3 ([

Annotations:
D:3 Pikel
D:4 Dowan, Duvessa


Innate Abilities, Weirdness & Mutations

((You are very nimble when in or above water. (Stealth+, EV+, Speed+++)))
Your lower body shifts to a powerful aquatic tail in water.


Message History

There is a stone staircase leading down here.
You hit Pikel but do no damage.
Pikel is poisoned.
Pikel hits you but does no damage.
You barely miss Pikel.
Pikel hits you with a +1 whip of freezing.
Pikel freezes you.
You hit Pikel but do no damage.
Pikel looks as sick as possible!
You barely miss Pikel.
Pikel is lightly wounded.
Pikel closely misses you.
You hit Pikel.
Pikel is moderately wounded.
Pikel cracks his whip.
Pikel closely misses you.
You barely miss Pikel.
Pikel is moderately wounded.
Pikel hits you with a +1 whip of freezing.
Pikel freezes you.
You hit Pikel but do no damage.
Pikel looks as sick as possible!
Pikel is moderately wounded.
Pikel barely misses you.
You hit Pikel.
Pikel looks as sick as possible!
Pikel is moderately wounded.
Pikel hits you with a +1 whip of freezing!
Pikel freezes you.
You hit Pikel but do no damage.
Pikel is heavily wounded.
Pikel hits you with a +1 whip of freezing!
* * * LOW HITPOINT WARNING * * *
Pikel freezes you.
* * * LOW HITPOINT WARNING * * *
You are too injured to fight recklessly!
You are too injured to fight recklessly!
You are too injured to fight recklessly!
You are too injured to fight recklessly!
Pikel attacks as you move away!
Pikel hits you with a +1 whip of freezing.
* * * LOW HITPOINT WARNING * * *
Pikel freezes you.
You die...

#...........# #.
#....)......###################.
#....................)..........
###.........####################
#.........# #.....[....### # ##
#.........# #.####.>.....## # .#
#.........# #....#.###.#..# # .#
#####.##########.#....8...# # .#
#.......)@K......8.8..# # .#####
############.#..8...8.# #
.....#######....#
#.##8..∩..8####
####.##....'....#
#.##.8...8..... # #.##.####....#
#.##..8.8..(### # #.##.# #....#
#.##...8....... ####.##.# #....#
#.##..###..#... .....##.##
#.######.##.## #......
#........# #...........# ######.


You could see Pikel (extremely poisoned).

Vanquished Creatures
  2 lemures (D:3)
  A necrophage (D:2)
  4 adders
  5 dart slugs
  2 worms (D:2)
  7 orcs
  5 ball pythons
  5 endoplasms
  2 giant cockroaches
  5 goblins
  10 hobgoblins
  2 quokkas (D:1)
  4 bats
  3 frilled lizards
  3 kobolds
  12 rats
72 creatures vanquished.

Vanquished Creatures (others)
  7 plants (D:4)
7 creatures vanquished.

Grand Total: 79 creatures vanquished

Notes
Turn   | Place    | Note
-------+----------+-------------------------------------------
     0 | D:1      | rageheart7 the Merfolk Gladiator began the quest for the
                  | Orb.
     0 | D:1      | Reached XP level 1. HP: 16/16 MP: 1/1
   148 | D:1      | Reached skill level 4 in Long Blades
   148 | D:1      | Reached XP level 2. HP: 21/23 MP: 2/2
   890 | D:1      | Reached XP level 3. HP: 28/29 MP: 3/3
  1103 | D:2      | Noticed a necrophage
  1120 | D:2      | Killed a necrophage
  1121 | D:2      | Reached skill level 5 in Long Blades
  1121 | D:2      | Reached XP level 4. HP: 26/37 MP: 4/4
  1381 | D:2      | Found a faded altar of an unknown god.
  1692 | D:2      | Reached XP level 5. HP: 42/42 MP: 5/5
  2592 | D:3      | Found Voskausi's Antique Armour Shoppe.
  2835 | D:3      | Found Amyhak's Antique Weapon Shoppe.
  2947 | D:3      | Found Agoanapt's Antique Weapon Boutique.
  3327 | D:4      | Noticed Duvessa
  3327 | D:4      | Noticed Dowan
  3419 | D:4      | Found a hazy altar of Hepliaklqana.
  3421 | D:4      | Noticed a lemure
  3422 | D:4      | Noticed a lemure
  3443 | D:3      | Killed a lemure
  3574 | D:4      | Noticed a lemure
  3578 | D:4      | Noticed Pikel
  3580 | D:4      | Noticed a lemure
  3603 | D:3      | Killed a lemure
  3844 | D:3      | HP: 2/43 [Pikel/+1 whip of freezing (5)]
  3844 | D:3      | Slain by Pikel

Illustrated notes

Levels and vault maps discovered:
D:1:      wander_arrival_peaceful_grave, layout_basic
D:2:      layout_loops_cross, ebering_ecumenical_altar_mist
D:3:      layout_basic, serial_shops, nicolae_diamond_shop, shop_fountains,
          nicolae_shop_competitors_out_of_business
D:4:      layout_basic, nicolae_hepliaklqana_hazy_memory, uniq_duvessa,
          uniq_pikel

Skill      XL: |  1  2  3  4 |
---------------+-------------+-----
Long Blades    | 4 5 |  5.9
Fighting       | 3 4 |  4.7
Throwing       | |  2.0
Dodging        | |  4.0

Action                   |  1- 3 |  4- 6 || total
-------------------------+-------+-------++-------
Melee: Long sword        |    25 |       ||    25
       Dagger            |    55 |   174 ||   229
       Punch             |       |     2 ||     2
  Use: Scroll            |       |     8 ||     8
 Stab: Sleeping          |     1 |     2 ||     3
Armor: Leather armour    |    12 |    51 ||    63
Dodge: Dodged            |    42 |   101 ||   143

Table legend: (Time is in decaauts)
 A = Elapsed time spent in this place.
 B = Non-inter-level travel time spent in this place.
 C = Inter-level travel time spent in this place.
 D = Time resting spent in this place.
 E = Time spent auto-exploring this place.
 F = Levels seen in this place.
 G = Mean time per level.
                   A        B        C        D        E       F      G
               +--------+--------+--------+--------+--------+-----+--------+
         Total |   3817 |   3752 |     65 |    281 |   2940 |   4 |  954.2 |
       Dungeon |   3817 |   3752 |     65 |    281 |   2940 |   4 |  954.2 |
               +--------+--------+--------+--------+--------+-----+--------+

Top non-repeatable levels by time:
     D:3: 1459 daAuts
     D:2: 1253 daAuts
     D:1: 1060 daAuts
     D:4: 44 daAuts
